[gd_scene load_steps=7 format=3 uid="uid://c4ajqp284vwbm"]

[ext_resource type="Texture2D" uid="uid://sfxob35q5voh" path="res://assets/gui/namebox.png" id="1_lpbs4"]
[ext_resource type="Script" uid="uid://bse6fbwjn7tgd" path="res://scenes/menus/dialogue_box/dialogue_box.gd" id="1_n4rom"]
[ext_resource type="Theme" uid="uid://visdjn6wbatl" path="res://assets/resources/default_theme.tres" id="2_a0ac0"]
[ext_resource type="Texture2D" uid="uid://22jcv7ei4dtl" path="res://assets/gui/textbox.png" id="3_0q6br"]

[sub_resource type="StyleBoxTexture" id="StyleBoxTexture_w6nx7"]
content_margin_right = 30.0
texture = ExtResource("1_lpbs4")
texture_margin_right = 48.0

[sub_resource type="StyleBoxTexture" id="StyleBoxTexture_dpxi7"]
texture = ExtResource("3_0q6br")

[node name="DialogueBox" type="MarginContainer"]
anchors_preset = 15
anchor_right = 1.0
anchor_bottom = 1.0
grow_horizontal = 2
grow_vertical = 2
theme_override_constants/margin_left = 32
theme_override_constants/margin_top = 32
theme_override_constants/margin_right = 32
theme_override_constants/margin_bottom = 32
script = ExtResource("1_n4rom")

[node name="VBoxContainer" type="VBoxContainer" parent="."]
layout_mode = 2
theme_override_constants/separation = -2
alignment = 2

[node name="Name" type="PanelContainer" parent="VBoxContainer"]
custom_minimum_size = Vector2(0, 55)
layout_mode = 2
size_flags_horizontal = 0
theme_override_styles/panel = SubResource("StyleBoxTexture_w6nx7")

[node name="MarginContainer" type="MarginContainer" parent="VBoxContainer/Name"]
layout_mode = 2
theme_override_constants/margin_left = 16
theme_override_constants/margin_right = 18

[node name="NameLabel" type="Label" parent="VBoxContainer/Name/MarginContainer"]
layout_mode = 2
theme = ExtResource("2_a0ac0")
text = "Name"
vertical_alignment = 1

[node name="Dialogue" type="PanelContainer" parent="VBoxContainer"]
custom_minimum_size = Vector2(0, 280)
layout_mode = 2
theme_override_styles/panel = SubResource("StyleBoxTexture_dpxi7")

[node name="MarginContainer" type="MarginContainer" parent="VBoxContainer/Dialogue"]
layout_mode = 2
theme_override_constants/margin_left = 80
theme_override_constants/margin_top = 33
theme_override_constants/margin_right = 80

[node name="DialogueLabel" type="RichTextLabel" parent="VBoxContainer/Dialogue/MarginContainer"]
layout_mode = 2
theme = ExtResource("2_a0ac0")
text = "Lorem ipsum dolor sit amet, consectetur adipiscing elit, sed do eiusmod tempor incididunt ut labore et dolore magna aliqua. Ut enim ad minim veniam, quis nostrud exercitation ullamco laboris nisi ut aliquip ex ea commodo consequat. Lorem ipsum dolor sit amet, consectetur adipiscing elit, sed do eiusmod tempor incididunt ut labore et dolore magna aliqua. Ut enim ad minim veniam, quis nostrud exercitation ullamco laboris nisi ut aliquip ex ea commodo consequat. "
